 Dungeon Sprint DCSS version 0.14-a0-2618-g5301534 (webtiles) character file.

7650 BluebellGnoll the Sorcerer (level 10, -4/50 HPs)
             Began as a Deep Elf Fire Elementalist on Feb 14, 2014.
             Was the Champion of Sif Muna.
             Slain by a sixfirhy (9 damage)
             ... summoned by an orc high priest
             ... in the Dungeon (Sprint IX: "|||||||||||||||||||||||||||||").
             The game lasted 00:45:53 (3230 turns).

BluebellGnoll the Sorcerer (DEFE)                   Turns: 3230, Time: 00:45:55

HP  -4/50        AC  6     Str  8      XL: 10   Next: 65%
MP   2/38        EV 20     Int 24      God: Sif Muna [******]
Gold 1280        SH  0     Dex 15      Spells: 15 memorised,  3 levels left

rFire  . . .     SeeInvis .     s - +2 halberd (venom)
rCold  . . .     Clarity  .     a - +0 elf robe
rNeg   . . .     Conserve .     (no shield)
rPois  .         rCorr    .     C - +0 dwarf helmet
rElec  .         rRot     .     (no cloak)
SustAb . .       Spirit   .     v - +0 pair of gloves
rMut   .         Warding  .     (no boots)
Saprov . . .     NoTele   +     (no amulet)
MR     +....                    p - +3 ring of strength
                                o - +2 ring of protection

@: repel missiles, somewhat resistant to hostile enchantments, quite stealthy
A: no striking features
a: Channel Energy, Forget Spell, Renounce Religion


You were in the Dungeon.
You worshipped Sif Muna.
Sif Muna was exalted by your worship.
You were full.

You visited 1 branch You collected 1280 gold pieces.

Inventory:

Hand weapons
 q - a cursed -3,-2 orcish dagger
 s - a +2,+2 halberd of venom (weapon)
 D - a cursed -4,-2 orcish dagger
Missiles
 j - 2 throwing nets (quivered)
Armour
 a - a +0 elven robe (worn)
 v - a +0 pair of gloves (worn)
 C - a +0 dwarven helmet (worn)
Magical devices
 n - a wand of draining (5)
Comestibles
 c - 4 bread rations
 t - a rotting chunk of orc flesh
Scrolls
 i - 2 scrolls of blinking
 l - 3 scrolls of remove curse
 m - 2 scrolls of amnesia
 x - a scroll of enchant weapon III
 y - a scroll of fog
 z - 2 scrolls of enchant weapon I
 B - a scroll of identify
Jewellery
 o - a +2 ring of protection (left hand)
 p - a +3 ring of strength (right hand)
Potions
 d - 3 potions of curing
 e - 3 potions of heal wounds
 f - a potion of speed
 g - 2 potions of magic
 h - a potion of berserk rage
 k - a potion of invisibility
 u - a potion of resistance
Books
 b - a book of Conjurations

   Spells                             Type                      Level
   Magic Dart                         Conjuration                  1
   Searing Ray                        Conjuration                  2
   Dazzling Spray                     Conjuration/Hexes            3
   *Iskenderun's Mystic Blast         Conjuration                  4
   *Iskenderun's Battlesphere         Conjuration/Charms           4
   Fulminant Prism                    Conjuration/Hexes            5
 r - Sif Muna's Volume of Floating Confrontation
   (Sif Muna gifted it to you in the Dungeon)

   Spells                             Type                      Level
   Shock                              Conjuration/Air              1
   Searing Ray                        Conjuration                  2
   *Iskenderun's Mystic Blast         Conjuration                  4
   Venom Bolt                         Conjuration/Poison           5
   Freezing Cloud                     Conjuration/Ice/Air          6
 w - a book of Air

   Spells                             Type                      Level
   Shock                              Conjuration/Air              1
   *Swiftness                         Charms/Air                   2
   *Repel Missiles                    Charms/Air                   2
   Flight                             Charms/Air                   3
   Static Discharge                   Conjuration/Air              3
   *Lightning Bolt                    Conjuration/Air              5
 A - Sif Muna's Papyrus of Battle Magic and Poisoning
   (Sif Muna gifted it to you in the Dungeon)

   Spells                             Type                      Level
   Sting                              Conjuration/Poison           1
   Static Discharge                   Conjuration/Air              3
   *Iskenderun's Mystic Blast         Conjuration                  4
   Poison Arrow                       Conjuration/Poison           6
   Bolt of Cold                       Conjuration/Ice              6


   Skills:
 - Level 12.7 Dodging
 * Level 6.7 Stealth
 * Level 21.3 Spellcasting
 + Level 13.3 Conjurations
 - Level 3.2 Fire Magic
 - Level 7.3 Earth Magic


You had 3 spell levels left.
You knew the following spells:

 Your Spells              Type           Power        Failure   Level  Hunger
a - Flame Tongue          Conj/Fire      #####        1%          1    None
b - Conjure Flame         Conj/Fire      ######..     1%          3    None
c - Sticky Flame          Conj/Fire      ######..     1%          4    None
d - Inner Flame           Hex/Fire       ####....     2%          3    None
e - Throw Flame           Conj/Fire      ######       1%          2    None
f - Fireball              Conj/Fire      ######....   1%          5    None
g - Iskenderun's Mystic   Conj           ######..     1%          4    None
h - Shroud of Golubria    Chrm/Tloc      ####......   2%          2    None
i - Iron Shot             Conj/Erth      ######....   4%          6    ##.....
j - Blink                 Tloc           N/A          2%          2    None
k - Lightning Bolt        Conj/Air       ######....   2%          5    None
l - Teleport Other        Tloc           ####....     6%          3    None
m - Swiftness             Chrm/Air       ####....     2%          2    None
n - Repel Missiles        Chrm/Air       ####..       2%          2    None
o - Iskenderun's Battles  Conj/Chrm      ######..     1%          4    None


Dungeon Overview and Level Annotations

Branches:
Dungeon (1/1)

Altars:
Ashenzari
Cheibriados
Dithmenos
Elyvilon
Fedhas
Kikubaaqudgha
Makhleb
Nemelex Xobeh
Okawaru
Sif Muna
Trog
Vehumet
Xom
Yredelemnul
Zin
The Shining One

Shops:
D %


Message History

The orb of energy hits the sixfirhy.
The sixfirhy is severely wounded.
The orb of energy explodes!
Casting: Iskenderun's Mystic Blast
Confirm with . or Enter, or press ? or * to list all spells.
You blink.
The sixfirhy barely misses you. The sixfirhy completely misses you.
The sixfirhy closely misses you. The sixfirhy hits you!
The sixfirhy shocks you!
The orc high priest mumbles some strange prayers to Beogh.
The orc high priest is healed somewhat.
The orc high priest says, "Oblivion to the unbeliever."
The sixfirhy hits you!
* * * LOW HITPOINT WARNING * * *
The sixfirhy shocks you!
* * * LOW HITPOINT WARNING * * *
The sixfirhy hits you.
* * * LOW HITPOINT WARNING * * *
The sixfirhy shocks you!
You die...

▓▓▓▓▓▓▓▓▓▓▓▓▓▓▓▓▓▓▓▓▓▓▓▓▓▓▓▓▓▓▓▓▓
...oo.44.[§[.)).))))+.[)))..(.)..
▓▓▓▓▓▓▓▓▓▓▓▓▓▓▓▓▓▓▓▓▓▓▓▓▓▓▓▓▓▓▓▓▓
................@4....o.4[()4.[..
▓▓▓▓▓▓▓▓▓▓▓▓▓▓▓▓▓▓▓▓▓▓▓▓▓▓▓▓▓▓▓▓▓
.%'%%%.....%'.............'%.....
▓▓▓▓▓▓▓▓▓▓▓▓▓▓▓▓▓▓▓▓▓▓▓▓▓▓▓▓▓▓▓▓▓
.................................
▓▓▓▓▓▓▓▓▓▓▓▓▓▓▓▓▓▓▓▓▓▓▓▓▓▓▓▓▓▓▓▓▓
_____________'.(...).)).%'.......
▓▓▓▓▓▓▓▓▓▓▓▓▓▓▓▓▓▓▓▓▓▓▓▓▓▓▓▓▓▓▓▓▓


You could see an orc high priest, an iron devil and a sixfirhy.

Vanquished Creatures
  Harold (D)
  A hydra (D)
  A centaur warrior (D)
  A sun demon (D)
  An ice devil (D)
  An orc knight (D)
  An orc sorcerer (D)
  A black mamba (D)
  A blink frog (D)
  A basilisk (D)
  An ugly thing (D)
  An elephant slug (D)
  A hungry ghost (D)
  2 hippogriffs (D)
  2 wolves (D)
  3 yaks (D)
  2 hell hounds (D)
  8 orc warriors (D)
  A crocodile (D)
  2 water moccasins (D)
  A giant frog (D)
  4 wargs (D)
  A wight (D)
  A hound (D)
  3 orc priests (D)
  4 orc wizards (D)
  4 adders (D)
  An adder zombie (D)
  10 orcs (D)
  A bat (D)
  A hobgoblin (D)
  A jackal (D)
  3 kobolds (D)
  A giant newt (D)
  A goblin (D)
  6 rats (D)
76 creatures vanquished.

Notes
Turn   | Place    | Note
--------------------------------------------------------------
     0 | D        | BluebellGnoll, the Deep Elf Fire Elementalist, began the quest for the Orb.
     0 | D        | Reached XP level 1. HP: 10/10 MP: 5/5
    18 | D        | Reached skill level 4 in Spellcasting
    21 | D        | Reached skill level 5 in Spellcasting
   225 | D        | Reached skill level 6 in Spellcasting
   225 | D        | Reached XP level 2. HP: 7/15 MP: 4/12
   237 | D        | Found a glowing golden altar of the Shining One.
   237 | D        | Found a radiant altar of Vehumet.
   237 | D        | Found a glowing silver altar of Zin.
   237 | D        | Found a deep blue altar of Sif Muna.
   237 | D        | Found a shimmering altar of Xom.
   237 | D        | Found an ancient bone altar of Kikubaaqudgha.
   237 | D        | Found a burning altar of Makhleb.
   238 | D        | Found a basalt altar of Yredelemnul.
   239 | D        | Found a white marble altar of Elyvilon.
   240 | D        | Found a glowing golden altar of the Shining One.
   241 | D        | Found a sparkling altar of Nemelex Xobeh.
   242 | D        | Found a shadowy altar of Dithmenos.
   243 | D        | Became a worshipper of Sif Muna the Loreminder
   244 | D        | Found a snail-covered altar of Cheibriados.
   245 | D        | Found a blossoming altar of Fedhas.
   246 | D        | Found a radiant altar of Vehumet.
   247 | D        | Found an iron altar of Okawaru.
   248 | D        | Found a shattered altar of Ashenzari.
   249 | D        | Found a bloodstained altar of Trog.
   383 | D        | Noticed a hungry ghost
   383 | D        | Noticed a wight
   383 | D        | Noticed a yak
   388 | D        | Killed a yak
   388 | D        | Acquired Sif Muna's first power
   388 | D        | Acquired Sif Muna's second power
   388 | D        | Reached skill level 12 in Spellcasting
   388 | D        | Reached XP level 3. HP: 19/19 MP: 11/22
   388 | D        | Reached XP level 4. HP: 24/24 MP: 12/24
   418 | D        | Killed a wight
   418 | D        | Reached skill level 13 in Spellcasting
   418 | D        | Reached XP level 5. HP: 11/28 MP: 10/27
   427 | D        | Killed a hungry ghost
   427 | D        | Acquired Sif Muna's third power
   427 | D        | Reached skill level 16 in Spellcasting
   427 | D        | Reached XP level 6. HP: 9/32 MP: 3/30
   662 | D        | Learned a level 3 spell: Conjure Flame
   667 | D        | Learned a level 4 spell: Sticky Flame
   671 | D        | Learned a level 3 spell: Inner Flame
   674 | D        | Learned a level 2 spell: Throw Flame
   680 | D        | Learned a level 5 spell: Fireball
   694 | D        | Noticed a hippogriff
   694 | D        | Noticed a hippogriff
   694 | D        | Noticed an orc warrior
   694 | D        | Noticed a centaur warrior
   694 | D        | Noticed a green ugly thing
   694 | D        | Noticed a yak
   707 | D        | Killed a yak
   707 | D        | Reached skill level 17 in Spellcasting
   732 | D        | Killed a green ugly thing
   732 | D        | Received a gift from Sif Muna
   732 | D        | Reached skill level 18 in Spellcasting
   732 | D        | Reached skill level 5 in Conjurations
   732 | D        | Reached XP level 7. HP: 11/36 MP: 9/33
   732 | D        | Killed a centaur warrior
   732 | D        | Received a gift from Sif Muna
   732 | D        | Reached skill level 19 in Spellcasting
   732 | D        | Reached XP level 8. HP: 12/41 MP: 9/35
   733 | D        | Identified Sif Muna's Volume of Floating Confrontation (Sif Muna gifted it to you in the Dungeon)
   761 | D        | Killed an orc warrior
   761 | D        | Reached skill level 20 in Spellcasting
   763 | D        | Killed a hippogriff
   763 | D        | Received a gift from Sif Muna
   878 | D        | Killed a hippogriff
  1039 | D        | Identified Sif Muna's Guide on Lucky Conjuration (Sif Muna gifted it to you in the Dungeon)
  1056 | D        | Learned a level 4 spell: Iskenderun's Mystic Blast
  1059 | D        | Learned a level 2 spell: Shroud of Golubria
  1066 | D        | Learned a level 6 spell: Iron Shot
  1069 | D        | Learned a level 2 spell: Blink
  1075 | D        | Learned a level 5 spell: Bolt of Draining
  1079 | D        | Learned a level 3 spell: Teleport Other
  1228 | D        | Learned a level 2 spell: Swiftness
  1228 | D        | Noticed a blink frog
  1228 | D        | Noticed a water moccasin
  1231 | D        | Killed a water moccasin
  1237 | D        | Killed a blink frog
  1237 | D        | Reached skill level 5 in Stealth
  1239 | D        | Reached skill level 5 in Dodging
  1276 | D        | Noticed a crocodile
  1284 | D        | Killed a crocodile
  1284 | D        | Reached skill level 1 in Earth Magic
  1373 | D        | Noticed a water moccasin
  1373 | D        | Noticed an elephant slug
  1373 | D        | Noticed a hound
  1373 | D        | Noticed a basilisk
  1373 | D        | Noticed an eight-headed hydra
  1373 | D        | Noticed a black mamba
  1375 | D        | Killed a black mamba
  1375 | D        | Reached XP level 9. HP: 28/45 MP: 27/36
  1378 | D        | Noticed a giant frog
  1379 | D        | Killed an eight-headed hydra
  1670 | D        | Killed a basilisk
  1683 | D        | Killed a hound
  1715 | D        | Killed an elephant slug
  1715 | D        | Received a gift from Sif Muna
  1715 | D        | Reached skill level 10 in Dodging
  1717 | D        | Noticed a yak
  1718 | D        | Identified Sif Muna's Papyrus of Battle Magic and Poisoning (Sif Muna gifted it to you in the Dungeon)
  1725 | D        | Killed a water moccasin
  1728 | D        | Killed a giant frog
  1734 | D        | Killed a yak
  1734 | D        | Reached skill level 10 in Conjurations
  1838 | D        | Learned a level 2 spell: Repel Missiles
  1838 | D        | Noticed a hell hound
  1838 | D        | Noticed a hell hound
  1838 | D        | Noticed a warg
  1838 | D        | Noticed a warg
  1838 | D        | Noticed a warg
  1838 | D        | Noticed a wolf
  1838 | D        | Noticed a wolf
  1854 | D        | Killed a wolf
  1856 | D        | Killed a hell hound
  1858 | D        | Killed a hell hound
  1883 | D        | Killed a wolf
  1883 | D        | Killed a warg
  1883 | D        | Reached XP level 10. HP: 45/50 MP: 25/38
  1890 | D        | Killed a warg
  1931 | D        | Noticed a warg
  1932 | D        | Killed a warg
  1943 | D        | Killed a warg
  2048 | D        | Noticed Harold
  2057 | D        | Killed Harold
  2250 | D        | Noticed an orc priest
  2250 | D        | Noticed an orc wizard
  2250 | D        | Noticed an orc priest
  2251 | D        | Killed an orc priest
  2252 | D        | Noticed an orc priest
  2253 | D        | Killed an orc wizard
  2254 | D        | Killed an orc priest
  2291 | D        | Killed an orc priest
  2395 | D        | Noticed an orc wizard
  2399 | D        | Killed an orc wizard
  2399 | D        | Received a gift from Sif Muna
  2432 | D        | Learned a level 4 spell: Iskenderun's Battlesphere
  2434 | D        | Noticed an orc warrior
  2434 | D        | Noticed an orc wizard
  2434 | D        | Noticed an orc warrior
  2434 | D        | Noticed an orc knight
  2434 | D        | Noticed an orc warrior
  2434 | D        | Noticed an orc sorcerer
  2569 | D        | Killed an orc sorcerer
  2720 | D        | Killed an orc warrior
  2767 | D        | Killed an orc warrior
  2791 | D        | Killed an orc knight
  2791 | D        | Reached skill level 21 in Spellcasting
  2828 | D        | Killed an orc warrior
  2830 | D        | Noticed an orc warrior
  2836 | D        | Killed an orc warrior
  2859 | D        | Noticed an orc wizard
  2860 | D        | Killed an orc wizard
  2865 | D        | Killed an orc wizard
  2876 | D        | Noticed an orc warrior
  2889 | D        | Killed an orc warrior
  2919 | D        | Noticed an orc warrior
  2920 | D        | Noticed an orc warrior
  2927 | D        | Killed an orc warrior
  2932 | D        | Killed an orc warrior
  2961 | D        | Found Prisuff's Food Boutique.
  2961 | D        | Noticed an orc high priest
  2961 | D        | Noticed an orc priest
  2961 | D        | Noticed an orc high priest
  2961 | D        | Noticed an orc priest
  2961 | D        | Noticed an orc priest
  2961 | D        | Noticed an orc high priest
  2962 | D        | Noticed a sun demon
  2979 | D        | Killed a sun demon
  3110 | D        | Learned a level 5 spell: Lightning Bolt
  3114 | D        | Learned a level 2 spell: Swiftness
  3219 | D        | Noticed an ice devil
  3222 | D        | Killed an ice devil
  3223 | D        | Noticed a sixfirhy
  3223 | D        | Noticed a sixfirhy
  3230 | D        | Slain by a sixfirhy

Action                   |  1- 3 |  4- 6 |  7- 9 | 10-12 || total
-------------------------+-------+-------+-------+-------++-------
Melee: Unarmed           |     8 |       |       |       ||     8
       Dagger            |     7 |       |       |       ||     7
       Halberd           |       |       |     7 |    14 ||    21
 Cast: Flame Tongue      |    12 |    22 |    34 |    42 ||   110
       Conjure Flame     |       |     2 |    16 |    11 ||    29
       Fireball          |       |     2 |     6 |    13 ||    21
       Sticky Flame      |       |     2 |     3 |     3 ||     8
       Throw Flame       |       |       |     7 |    19 ||    26
       Bolt of Draining  |       |       |     3 |     3 ||     6
       Iron Shot         |       |       |     3 |     5 ||     8
       Blink             |       |       |     1 |     4 ||     5
       Swiftness         |       |       |     1 |       ||     1
       Iskenderun's Myst |       |       |       |     9 ||     9
       Lightning Bolt    |       |       |       |     3 ||     3
       Shroud of Golubri |       |       |       |     3 ||     3
       Iskenderun's Batt |       |       |       |     2 ||     2
       Repel Missiles    |       |       |       |     1 ||     1
Invok: Channel Energy    |       |     1 |    38 |    48 ||    87
       Forget Spell      |       |       |       |     2 ||     2
Evoke: Wand              |     1 |     1 |       |       ||     2
  Use: Scroll            |       |     1 |       |     1 ||     2
       Potion            |       |       |       |     1 ||     1
